 Dungeon Crawl Stone Soup version 0.30.0-10-gfe55d96785 (webtiles) character file.

Game seed: 3840789162592677686

25 RKaid the Ducker (level 2, -2/22 HPs)
             Began as a Demonspawn Wanderer on May 16, 2023.
             Killed from afar by Terence (7 damage)
             ... with a puff of flame
             ... on level 2 of the Dungeon.
             The game lasted 00:02:03 (985 turns).

RKaid the Ducker (Demonspawn Wanderer)               Turns: 985, Time: 00:02:04

Health: -2/22      AC:  5    Str: 12    XL:     2   Next: 82%
Magic:  2/2        EV: 11    Int: 11    God:
Gold:   57         SH:  3    Dex: 14    Spells: 1/1 levels left

rFire   . . .        a - +0 sling
rCold   . . .        h - +0 buckler
rNeg    . . .        k - +0 ring mail
rPois   .            (no helmet)
rElec   .            (no cloak)
rCorr   .            (no gloves)
SInv    .            (no boots)
Will    .....        (no amulet)
Stlth   +            (no ring)
HPRegen 0.23/turn    (no ring)
MPRegen 0.08/turn

%: no passive effects
@: no status effects
A: weakness stinger 1
a: no special abilities


You were on level 2 of the Dungeon.
You visited 1 branch of the dungeon, and saw 2 of its levels.

You collected 57 gold pieces.

Inventory:

Hand Weapons
 a - a +0 sling (weapon)
Missiles
 b - 3 throwing nets {=f}
Armour
 h - a +0 buckler (worn)
   (You found it on level 1 of the Dungeon)
 k - a +0 ring mail (worn)
   (You found it on level 1 of the Dungeon)
Scrolls
 c - a scroll of identify {unknown}
 e - 3 scrolls of fog
Potions
 d - 2 potions of attraction {!q}
 f - 3 potions of curing {unknown}
 g - a potion of heal wounds {unknown}
 i - a potion of berserk rage {unknown}
 j - a potion of ambrosia {unknown}


   Skills:
 + Level 1.7 Fighting
 + Level 2.1 Ranged Weapons
 - Level 1.0 Armour
 + Level 4.7 Dodging
 - Level 1.0 Stealth
 + Level 0.6 Shields


You had one spell level left.
You didn't know any spells.
Your spell library was empty.

Dungeon Overview and Level Annotations

Branches:
Dungeon (2/15)

Altars:

Annotations:
D:2 Terence


Innate Abilities, Weirdness & Mutations

You have a small tail.


Message History

You shoot a sling bullet. The sling bullet hits the kobold.
You kill the kobold!
No target in view!
Things that are here:
a +0 dagger; a kobold corpse
There is an open door here.
As you open the door, it creaks loudly!
There is an open door here.
Done exploring.
Done exploring.
Search for what [? for help]? .
You open the door.
There is an open door here.
You open the door.
There is an open door here.
You see here a +0 ring mail.
k - a +0 ring mail You start removing your armour.
You continue taking off your +0 leather armour. x4
You finish taking off your +0 leather armour.
You start putting on your armour.
You continue putting on your +0 ring mail. x5
You finish putting on your +0 ring mail.
You drop a +0 leather armour.
You see here a +0 dagger.
There is a stone staircase leading down here.
You climb downwards.
The kobold shouts!
The hobgoblin shouts!
Found an escape hatch in the floor.
There is a stone staircase leading up here.
You shoot a sling bullet.
The sling bullet hits the hobgoblin but does no damage.
You shoot a sling bullet. The sling bullet hits the hobgoblin.
The kobold throws a stone.
The stone closely misses you.
The stone closely misses the hobgoblin.
The hobgoblin closely misses you.
The hobgoblin hits you but does no damage.
You shoot a sling bullet.
The sling bullet barely misses the hobgoblin.
The hobgoblin hits you but does no damage.
A kobold comes into view. It is wielding a +0 short sword.
You shoot a sling bullet. The sling bullet hits the hobgoblin.
The hobgoblin hits you.
A kobold comes into view. It is wielding a +0 short sword.
The hobgoblin hits you but does no damage.
The kobold throws a stone.
The stone barely misses you.
The stone hits the hobgoblin.
You shoot a sling bullet. The kobold shouts!
The sling bullet hits the hobgoblin.
You kill the hobgoblin!
The kobold throws a stone.
The stone hits you.
You shoot a sling bullet. The sling bullet hits the kobold.
You kill the kobold!
The kobold throws a stone.
You block the stone.
You shoot a sling bullet. The sling bullet hits the kobold.
You kill the kobold!
The kobold throws a stone.
You block the stone.
You shoot a sling bullet.
The sling bullet closely misses the kobold.
You shoot a sling bullet.
The sling bullet barely misses the kobold.
The kobold throws a stone.
The stone closely misses you.
You shoot a sling bullet. The sling bullet hits the kobold.
You kill the kobold!
No target in view!
No target in view!
Items here: ( ))).
Items here: ( ))).
There is an escape hatch in the floor here.
A rat comes into view.
You shoot a sling bullet. The sling bullet hits the rat!
You kill the rat!
Found an escape hatch in the ceiling.
You see here a rat corpse.
You see here a rat corpse.
e - 3 scrolls of fog (gained 1)
You see here a +0 dagger.
c - a scroll labelled KENUFR FUQYIRI Terence the Incautious comes into view.
He is wielding a +0 short sword and carrying a wand of flame (14).
Terence shouts!
You shoot a sling bullet.
The sling bullet hits Terence but does no damage.
Terence zaps a wand.
The puff of flame hits you!
Press: ? - help, v - describe, . - travel, g - get item Item here: a silver ring.
The floor.
You are too injured to fight recklessly!
Fire: a) +0 sling
Press: ? - help, Q - select action Shift-Dir - straight line, f/p - Terence
Aim: Terence, wielding a +0 short sword, wearing a +0 chain mail and carrying a wand of flame (13) (64% to hit)
You shoot a sling bullet.
The sling bullet hits Terence but does no damage.
Terence says, "Time to say good-bye..."
Terence zaps a wand.
The puff of flame hits you!
* * * LOW HITPOINT WARNING * * *
Terence zaps a wand.
The puff of flame hits you!
You die...

# #. ###. #
##).##
.##.##....##
........@..#...
.....@..........
###.#.#.######.#
#.#.#.######.
###.#.#).......
#.....#.#######
##.#.#...#
#....#...#
#..###...######


You could see Terence.

Vanquished Creatures
  A dart slug (D:1)
  3 endoplasms (D:1)
  A goblin (D:1)
  4 hobgoblins
  3 jackals (D:1)
  A quokka (D:1)
  5 kobolds
  2 rats
20 creatures vanquished.

Notes
Turn   | Place    | Note
-------+----------+-------------------------------------------
     0 | D:1      | RKaid the Demonspawn Wanderer began the quest for the Orb.
     0 | D:1      | RKaid set off with the following items: a +0 sling, 3
                  | throwing nets {=f}, a +0 leather armour, a potion of
                  | attraction {!q}, a scroll of fog.
     0 | D:1      | Reached XP level 1. HP: 15/15 MP: 1/1
   143 | D:1      | Reached skill level 2 in Ranged Weapons
   234 | D:1      | Gained mutation: You have a small tail. [demonic ancestry]
   234 | D:1      | Reached XP level 2. HP: 21/21 MP: 2/2
   981 | D:2      | Noticed Terence
   984 | D:2      | HP: 4/22 [Terence/puff of flame (8)]
   985 | D:2      | Killed from afar by Terence

Illustrated notes

Levels and vault maps discovered:
D:1:      ncdulo_lavacross, layout_loops_corners
D:2:      minmay_kobold_bridge, layout_loops_ring, basic_altar, uniq_terence,
          uniq_robin

Skill      XL: |  1 |
---------------+----+-----
Ranged Weapons | 2 |  2.1
Fighting       | |  1.7
Armour         | |  1.0
Dodging        | |  4.7
Stealth        | |  1.0
Shields        | |  0.6

Action                     || total
---------------------------++-------
   Fire: Sling             ||    63
 Armour: Leather armour    ||     4
         Ring mail         ||     3
  Dodge: Dodged            ||    18
  Block: Buckler           ||     4

Table legend: (Time is in decaauts)
 A = Elapsed time spent in this place.
 B = Non-inter-level travel time spent in this place.
 C = Inter-level travel time spent in this place.
 D = Time resting spent in this place.
 E = Time spent auto-exploring this place.
 F = Levels seen in this place.
 G = Mean time per level.
                   A        B        C        D        E       F      G
               +--------+--------+--------+--------+--------+-----+--------+
         Total |   1009 |    957 |     52 |      0 |    813 |   2 |  504.5 |
       Dungeon |   1009 |    957 |     52 |      0 |    813 |   2 |  504.5 |
               +--------+--------+--------+--------+--------+-----+--------+

Top non-repeatable levels by time:
     D:1: 897 daAuts
     D:2: 111 daAuts

Table legend:
 A = Kills in this place as a percentage of kills in the entire game.
 B = Kills by you in this place as a percentage of kills by you in the entire game.
 C = Kills by friends in this place as a percentage of kills by friends in the entire game.
 D = Other kills in this place as a percentage of other kills in the entire game.
 E = Experience gained in this place as a percentage of experience gained in the entire game.
 F = Experience gained in this place divided by the number of levels of this place that you have seen.
                   A       B       C       D       E      F
               +-------+-------+-------+-------+-------+----------------------
         Total | 100.0 | 100.0 |   N/A |   N/A | 100.0 |  18.0
       Dungeon | 100.0 | 100.0 |   N/A |   N/A | 100.0 |  18.0
               +-------+-------+-------+-------+-------+----------------------
